[Event "NJSK 2018 Jeugd B"]
[Site "Assen, Netherlands"]
[Date "2018.04.29"]
[Round "1.1"]
[White "Bruggink, Tycho"]
[Black "De Boer, Eelke"]
[Result "0-1"]
[TimeControl "40/90m+30m+30sec/move"]
[WhiteElo "1899"]
[BlackElo "2318"]

1. e4 c5 2. Nf3 d6 3. d4 cxd4 4. Nxd4 Nf6 5. Nc3 a6 6. Bc4 e6 7. Bb3 b5 8. a3 Bb7 9. f3 Nbd7 10.
O-O Nc5 11. Ba2 Qc7 12. Be3 Be7 13. Nde2 O-O 14. Bd4 Rfd8 15. Ng3 Bc6 16. Qe2 Qb7 17. b4 Ncd7 18. Rad1 a5 19. Bb3 Nf8 20.
f4 axb4 21. axb4 d5 22. e5 Ne8 23. Na2 g6 24. c3 Ng7 25. Nc1 h5 26. Qb2 Ra6 27. Nd3 Nd7 28. Ra1 Rda8 29. Rfd1 h4 30.
Ne2 Nf5 31. Ne1 Nb6 32. Rxa6 Qxa6 33. Nc2 Nc4 34. Bxc4 dxc4 35. Ne3 Qb7 36. Nxf5 gxf5 37. Nc1 Kh7 38. Qf2 Bxg2 39. Qe3 Rg8 40.
Kf2 Bh1 41. Ke1 Bf3 42. Rd2 h3 43. Ne2 Bh4+ 44. Kd1 Rg2 45. Kc2 Be1 0-1

[Event "NJSK 2018 Jeugd B"]
[Site "Assen, Netherlands"]
[Date "2018.04.29"]
[Round "1.2"]
[White "Tang, Charlie"]
[Black "Honkoop, Gilian"]
[Result "1-0"]
[TimeControl "40/90m+30m+30sec/move"]
[WhiteElo "2127"]
[BlackElo "1889"]

1. e4 e5 2. Nf3 Nc6 3. Bb5 a6 4. Ba4 Nf6 5. O-O Be7 6. Re1 b5 7. Bb3 d6 8. c3 O-O 9. h3 Nb8 10.
d4 Nbd7 11. Nbd2 Bb7 12. a4 c5 13. d5 c4 14. Bc2 Re8 15. Nf1 Bf8 16. Ng3 g6 17. Be3 Nc5 18. Qd2 Nfd7 19. Nh2 h5 20.
Rf1 Nb6 21. Kh1 Nbxa4 22. Bxa4 Nxa4 23. f4 exf4 24. Bxf4 Nc5 25. Rae1 Nd3 26. Bg5 Be7 27. Bxe7 Qxe7 28. Re3 f6 29.
Nxh5 gxh5 30. Rg3+ Kh7 31. Rf5 Qe5 32. Rxe5 Rxe5 33. Nf3 Rxe4 34. Ng5 1-0

[Event "NJSK 2018 Jeugd B"]
[Site "Assen, Netherlands"]
[Date "2018.04.29"]
[Round "1.3"]
[White "Gevorkjan, Lewon"]
[Black "Hilwerda, Jonas"]
[Result "0-1"]
[TimeControl "40/90m+30m+30sec/move"]
[WhiteElo "1821"]
[BlackElo "2108"]

1. Nf3 Nf6 2. e3 b6 3. b3 Bb7 4. Bb2 g6 5. Be2 Bg7 6. O-O O-O 7. c4 d6 8. Nc3 e5 9. d3 Nbd7 10.
Nd2 Ne8 11. Bf3 Bxf3 12. Qxf3 Nc5 13. Qe2 f5 14. b4 Ne6 15. h3 Nf6 16. Rac1 Nh5 17. a3 Qg5 18. Nf3 Qh6 19. Rc2 g5 20.
Nh2 Nf6 21. Nd5 Rf7 22. Nxf6+ Rxf6 23. Qf3 Raf8 24. Qb7 g4 25. hxg4 Rg6 26. Qf3 fxg4 27. Qg3 Qg5 28. Bc1 h5 29.
f4 exf4 30. exf4 Qf5 31. Bb2 Bh6 32. Bc1 Nd4 33. Ra2 Re6 34. Qf2 Qxd3 35. Rd2 Ne2+ 36. Kh1 Ng3 37. Kg1 Ne2+ 38. Kh1 Qxc4 39.
Rxe2 Rxe2 40. Qg3 Re4 41. Qh4 Qf7 42. Nxg4 hxg4 43. Qxh6 Qh7 44. Qxh7+ Kxh7 45. f5 Re5 46. f6 Kg6 47.
Bb2 Rxf6 48. Rxf6+ Kxf6 49. Kh2 c5 50. Kg3 Kf5 51. Bxe5 dxe5 0-1

[Event "NJSK 2018 Jeugd B"]
[Site "Assen, Netherlands"]
[Date "2018.04.29"]
[Round "1.4"]
[White "Wedda, Dries"]
[Black "Emans, Job"]
[Result "1-0"]
[TimeControl "40/90m+30m+30sec/move"]
[WhiteElo "2096"]
[BlackElo "1803"]

1. d4 Nf6 2. c4 e6 3. g3 d5 4. Nf3 Be7 5. Bg2 O-O 6. O-O b6 7. cxd5 exd5 8. Nc3 Bb7 9. Ne5 Nbd7 10.
Qa4 Nxe5 11. dxe5 Ne8 12. Nxd5 Bxd5 13. Rd1 b5 14. Qc2 c6 15. e4 Rc8 16. Bh3 f5 17. exf6 Nxf6 18. exd5 Nxd5 19.
Bxc8 Qxc8 20. Be3 Nxe3 21. fxe3 Qe6 22. Qb3 Qxb3 23. axb3 Bc5 24. Rd3 Rf6 25. Rf1 Kf7 26. Rxf6+ gxf6 27. Kf2 Ke7 28. Kf3 Bd6 29. h3 Be5 30.
Rd2 c5 31. g4 a5 32. Ke4 Ke6 33. Rd5 Bxb2 34. Rxc5 a4 35. Rxb5 a3 36. Ra5 Kd6 37. Kf5 Kc6 38. g5 fxg5 39.
Kxg5 Bc1 40. Kh6 Bxe3 41. Kxh7 Bc5 42. h4 Kb6 43. Ra4 1-0

[Event "NJSK 2018 Jeugd B"]
[Site "Assen, Netherlands"]
[Date "2018.04.29"]
[Round "1.5"]
[White "Cchung, Chi Yun"]
[Black "Kouwenhoven, Derk"]
[Result "0-1"]
[TimeControl "40/90m+30m+30sec/move"]
[WhiteElo "1783"]
[BlackElo "2091"]

1. e4 e5 2. Nf3 Nc6 3. Bb5 a6 4. Ba4 Nf6 5. O-O Be7 6. Re1 b5 7. Bb3 O-O 8. c3 d6 9. h3 Nb8 10.
d4 Nbd7 11. Nbd2 c5 12. Nf1 Bb7 13. Ng3 Re8 14. Bc2 Bf8 15. b3 g6 16. Bb2 Qc7 17. Bd3 c4 18. Bc2 d5 19. exd5 Nxd5 20.
bxc4 bxc4 21. Ba4 N5b6 22. Nxe5 Nxa4 23. Qxa4 Nxe5 24. Rxe5 Rxe5 25. dxe5 Bg7 26. Nf1 Bxg2 27. Kxg2 Qb7+ 28.
Kg1 Qxb2 29. Rd1 Qxc3 30. Qc6 Rf8 31. Ne3 Bxe5 32. Qxa6 Bb8 33. Qxc4 Qe5 34. Ng4 Qg7 35. Qd4 Qxd4 36.
Rxd4 f5 37. Ne3 Re8 38. a4 Ba7 39. Rd3 Kf8 40. Kg2 Re4 41. Rd8+ Ke7 42. Rh8 Bxe3 43. Rxh7+ Kf6 44. fxe3 Rxe3 45.
a5 Ra3 46. Ra7 g5 47. a6 Ke5 48. Ra8 Kf4 49. a7 Ra2+ 50. Kf1 Kf3 51. Ke1 f4 52. Rg8 Ra1+ 53. Kd2 Rxa7 54. Rxg5 Rh7 55.
Kd1 Rxh3 56. Rg8 Kf2 57. Kd2 f3 58. Rg7 Rh8 59. Kd3 Rd8+ 60. Ke4 Ke2 61. Rg3 Re8+ 62. Kf4 f2 63. Rg2 Ke1 0-1

[Event "NJSK 2018 Jeugd B"]
[Site "Assen, Netherlands"]
[Date "2018.04.29"]
[Round "1.6"]
[White "Bruil, Rembrandt"]
[Black "Noordenbos, Daan"]
[Result "1/2-1/2"]
[TimeControl "40/90m+30m+30sec/move"]
[WhiteElo "1998"]
[BlackElo "1763"]

1. d4 e6 2. c4 f5 3. Nc3 Nf6 4. Nf3 d6 5. Qc2 g6 6. e4 fxe4 7. Nxe4 Nxe4 8. Qxe4 Bg7 9. Bd3 O-O 10.
O-O Nc6 11. Bg5 Qe8 12. Qh4 Bd7 13. d5 Ne5 14. Nxe5 Bxe5 15. Rae1 Qf7 16. Be4 c6 17. Rd1 exd5 18. cxd5 c5 19.
b3 Rae8 20. Bh6 Bf6 21. Qf4 Bg7 22. Qxf7+ Rxf7 23. Bxg7 Kxg7 24. f3 Re5 25. Rd2 Bb5 26. Rfd1 Rfe7 27. Kf2 Bd7 28. Rc1 b5 29.
Rcc2 a5 30. Rc1 Kf8 31. h3 Rf7 32. Bc2 Rfe7 33. g4 b4 34. h4 Rf7 35. Rg1 Kg7 36. Rdd1 Bb5 37. Rge1 Rfe7 38. Be4 Bd7 39.
Rg1 a4 1/2-1/2

[Event "NJSK 2018 Jeugd B"]
[Site "Assen, Netherlands"]
[Date "2018.04.29"]
[Round "1.7"]
[White "Ypma, Jord"]
[Black "Van Randtwijk, Mick"]
[Result "0-1"]
[TimeControl "40/90m+30m+30sec/move"]
[WhiteElo "1737"]
[BlackElo "1992"]

1. d4 Nf6 2. Bf4 e6 3. e3 c5 4. c3 Nc6 5. Nf3 d5 6. Nbd2 Be7 7. Bd3 Nh5 8. Be5 Nxe5 9. Nxe5 Nf6 10.
Qf3 a6 11. O-O Bd6 12. Qg3 Bxe5 13. Qxe5 O-O 14. f4 Ng4 15. Qh5 f5 16. Rfe1 Bd7 17. h3 Nf6 18. Qf3 Ne4 19. Bxe4 fxe4 20.
Qf2 cxd4 21. cxd4 Rc8 22. Rac1 Qe7 23. Nb3 b6 24. Rxc8 Rxc8 25. Rc1 Rxc1+ 26. Nxc1 Qb4 27. a3 Qc4 28. Qd2 Bb5 29. Kf2 Qf1+ 30. Kg3 h6 31. Qc3 Kh7 32.
Qd2 a5 33. Na2 Bc4 34. Nc3 b5 35. Nd1 h5 36. Nf2 h4+ 37. Kh2 Be2 38. Ng4 Bxg4 39. hxg4 a4 40. g5 Kg6 41. Qc3 h3 42.
gxh3 Qf2 43. Kh1 Qg3 44. h4 Kh5 45. Qd2 Kxh4 46. g6 Kh3 47. Qe2 Qf3 48. Qxf3 exf3 49. Kg1 Kg3 50. Kf1 f2 51.
e4 dxe4 52. f5 e3 53. f6 e2+ 54. Kxe2 Kg2 55. fxg7 f1=Q+ 56. Kd2 Qf4+ 57. Kc3 Qc7+ 58. Kb4 Qxg7 0-1

[Event "NJSK 2018 Jeugd B"]
[Site "Assen, Netherlands"]
[Date "2018.04.29"]
[Round "1.8"]
[White "Grutter, Tim"]
[Black "Achuthan, Dylan"]
[Result "1-0"]
[TimeControl "40/90m+30m+30sec/move"]
[WhiteElo "1974"]
[BlackElo "1673"]

1. e4 c5 2. Nf3 Nc6 3. Nc3 e6 4. d4 cxd4 5. Nxd4 Nge7 6. Ndb5 Ng6 7. Nd6+ Bxd6 8. Qxd6 a6 9. Be3 Qe7 10.
Qg3 b5 11. Be2 Bb7 12. O-O O-O 13. f4 f5 14. exf5 exf5 15. Nd5 Qf7 16. Nb6 Rad8 17. Bf3 d5 18. Bc5 Rfe8 19. a4 Na7 20.
b4 bxa4 21. Nxa4 Nb5 22. Rad1 Nd6 23. Bxd6 Rxd6 24. c4 Rdd8 25. Nc5 Ba8 26. cxd5 Bxd5 27. Bxd5 Rxd5 28. Nxa6 Rxd1 29. Rxd1 Qc4 30.
Qd3 Qxd3 31. Rxd3 Nxf4 32. Rb3 Re2 33. b5 Rd2 34. b6 Nd3 35. Rxd3 Rxd3 36. b7 Rd1+ 37. Kf2 Rb1 38. b8=Q+ Rxb8 39.
Nxb8 Kf7 40. Nc6 Kf6 41. Kf3 g5 42. Nd4 h5 43. h4 gxh4 44. Kf4 h3 45. gxh3 Kg6 46. Nxf5 Kh7 47. Kg5 Kg8 48.
Kxh5 Kh7 49. Kg5 Kg8 50. h4 Kh8 51. h5 Kh7 52. Kf6 Kh8 53. Kg6 Kg8 54. h6 Kh8 55. Nd6 Kg8 56. h7+ Kh8 57. Nf7 1-0

[Event "NJSK 2018 Jeugd B"]
[Site "Assen, Netherlands"]
[Date "2018.04.30"]
[Round "2.1"]
[White "De Boer, Eelke"]
[Black "Wedda, Dries"]
[Result "1-0"]
[TimeControl "40/90m+30m+30sec/move"]
[WhiteElo "2318"]
[BlackElo "2096"]

1. e4 c5 2. Nf3 d6 3. d4 cxd4 4. Nxd4 Nf6 5. Nc3 a6 6. Bg5 Nbd7 7. Qe2 h6 8. Bh4 g6 9. f4 e5 10. fxe5 dxe5 11. O-O-O Qc7 12. Nb3 b5 13.
Qf3 Bg7 14. g4 Bb7 15. Bd3 O-O 16. a3 Rab8 17. g5 Nh5 18. Kb1 hxg5 19. Bxg5 Bc6 20. Be2 b4 21. axb4 Ndf6 22. Nc5 Rxb4 23.
Nxa6 Qb6 24. Nxb4 Qxb4 25. Nd5 Bxd5 26. exd5 Ne4 27. Be7 Qxe7 28. Qxe4 Nf4 29. d6 Qd7 30. Bc4 Rb8 31. Bb3 Ne6 32.
Bxe6 Qxe6 33. Qd5 Qd7 34. Rhg1 e4 35. Rxg6 Rxb2+ 36. Kc1 Rb5 37. Rxg7+ Kxg7 38. Rg1+ Kh6 39. Qd4 1-0

[Event "NJSK 2018 Jeugd B"]
[Site "Assen, Netherlands"]
[Date "2018.04.30"]
[Round "2.2"]
[White "Kouwenhoven, Derk"]
[Black "Tang, Charlie"]
[Result "0-1"]
[TimeControl "40/90m+30m+30sec/move"]
[WhiteElo "2091"]
[BlackElo "2127"]

1. e4 c5 2. Nf3 d6 3. d4 cxd4 4. Nxd4 Nf6 5. Nc3 g6 6. Be3 Bg7 7. f3 O-O 8. Bc4 Nc6 9. Bb3 Bd7 10.
Qd2 Rc8 11. h4 h5 12. O-O-O Ne5 13. Qe2 Qa5 14. Nd5 Nxd5 15. exd5 Ba4 16. Qd2 Qa6 17. Kb1 Bxb3 18. axb3 Rc5 19.
c4 Rfc8 20. Nb5 Rxc4 21. bxc4 Nxc4 22. Qb4 Nxe3 23. Rc1 Rxc1+ 24. Rxc1 Qb6 25. Rc8+ Kh7 26. Qa4 a6 27. Nc3 Nxd5 28.
Ka2 Qf2 29. Kb3 Nb6 30. Qe8 Nxc8 31. Qxc8 Qb6+ 32. Ka2 Qa5+ 33. Kb3 Bxc3 34. bxc3 Qd5+ 35. c4 Qd3+ 36. Kb4 Kg7 37. Qc7 e6 38.
Qe7 b5 39. c5 dxc5+ 40. Qxc5 Qc4+ 0-1

[Event "NJSK 2018 Jeugd B"]
[Site "Assen, Netherlands"]
[Date "2018.04.30"]
[Round "2.3"]
[White "Hilwerda, Jonas"]
[Black "Grutter, Tim"]
[Result "1/2-1/2"]
[TimeControl "40/90m+30m+30sec/move"]
[WhiteElo "2108"]
[BlackElo "1974"]

1. e4 c5 2. Nf3 e6 3. d3 d5 4. Qe2 Nf6 5. e5 Nfd7 6. g3 Nc6 7. Bg2 Be7 8. O-O O-O 9. c4 d4 10.
h4 Rb8 11. Bf4 a6 12. Nbd2 b5 13. g4 bxc4 14. Nxc4 Nb6 15.
b3 Nd5 16. Bg3 Nc3 17. Qd2 Nb4 18. g5 a5 19. Nh2 a4 20. bxa4 Ba6 21. a3 Nbd5 22. Ng4 Bxc4 23. dxc4 Nb6 24.
Nf6+ gxf6 25. gxf6 Bxf6 26. exf6 Qxf6 27. Bxb8 Rxb8 28. Qd3 Qg6 29. Qxg6+ hxg6 30. Rfb1 Ncxa4 31. Bc6 Rd8 32. Rb3 Rd6 33.
Bxa4 Nxa4 34. Rd1 e5 35. f3 f5 36. Kf2 Kf7 37. Ke2 e4 38. fxe4 fxe4 39. Re3 Rb6 40. Rf1+ Rf6 41. Rxf6+ Kxf6 42. Rg3 Nb2 43. Rg5 Nxc4 44.
Rxc5 d3+ 45. Ke1 Nxa3 46. Kd2 Nc2 47. h5 gxh5 1/2-1/2

[Event "NJSK 2018 Jeugd B"]
[Site "Assen, Netherlands"]
[Date "2018.04.30"]
[Round "2.4"]
[White "Van Randtwijk, Mick"]
[Black "Bruil, Rembrandt"]
[Result "0-1"]
[TimeControl "40/90m+30m+30sec/move"]
[WhiteElo "1992"]
[BlackElo "1998"]

1. e4 c5 2. Nf3 Nc6 3. d4 cxd4 4. Nxd4 g6 5. Nc3 Bg7 6. Be3 Nf6 7. Bc4 O-O 8. Bb3 Re8 9. O-O d6 10.
h3 Na5 11. f4 a6 12. Qf3 b5 13. e5 Bb7 14. Qf2 Nxb3 15. axb3 Nd5 16. Nxd5 Bxd5 17. Rad1 e6 18. Nf3 Rc8 19.
exd6 Qxd6 20. Ne5 Qc7 21. Rc1 b4 22. Nd3 Qb7 23. Nc5 Qc6 24. c4 bxc3 25. bxc3 Bf8 26. b4 Bc4 27. Rfd1 Red8 28.
Qh4 Rxd1+ 29. Rxd1 Bd5 30. Qf2 Bg7 31. Rc1 Qb5 32. Qc2 Qc4 33. Qa4 a5 34. Qxa5 Bxc3 35. Qa6 Rxc5 36. Qxc4 Rxc4 37.
b5 Bd4 38. Rxc4 Bxe3+ 0-1

[Event "NJSK 2018 Jeugd B"]
[Site "Assen, Netherlands"]
[Date "2018.04.30"]
[Round "2.5"]
[White "Noordenbos, Daan"]
[Black "Bruggink, Tycho"]
[Result "1/2-1/2"]
[TimeControl "40/90m+30m+30sec/move"]
[WhiteElo "1763"]
[BlackElo "1899"]

1. e4 c5 2. Nf3 d6 3. d4 cxd4 4. Nxd4 Nf6 5. Nc3 a6 6. Be3 e5 7. Nb3 Be6 8. Qd2 b5 9. f3 Nbd7 10.
g4 Nb6 11. Bxb6 Qxb6 12. O-O-O Rc8 13. g5 Nh5 14. Kb1 Be7 15. h4 Nf4 16. Nc1 h6 17. gxh6 Rxh6 18. N1e2 Nxe2 19. Bxe2 Qa5 20.
a3 b4 21. Nd5 Bxd5 22. exd5 Rb8 23. h5 Qa4 24. axb4 Rxb4 25. Qc3 Rb8 26. Bd3 Bf6 27. Be4 Qd7 28. Qc6 Ke7 29. Rd3 Rhh8 30.
Rc3 Rb7 31. Bf5 Qxc6 32. dxc6 Rc7 33. Bd7 Bg5 34. Rh3 Bf4 35. Rb3 d5 36. Rb6 Ra8 37. Rb7 Kd6 38. Rh1 Rxb7 39. cxb7 Rd8 40. Rd1 Kc7 41. Rxd5 Kxb7 1/2-1/2

[Event "NJSK 2018 Jeugd B"]
[Site "Assen, Netherlands"]
[Date "2018.04.30"]
[Round "2.6"]
[White "Honkoop, Gilian"]
[Black "Cchung, Chi Yun"]
[Result "1-0"]
[TimeControl "40/90m+30m+30sec/move"]
[WhiteElo "1889"]
[BlackElo "1783"]

1. d4 Nf6 2. Bf4 g6 3. Nc3 Bg7 4. e4 d5 5. Nb5 Na6 6. e5 Nd7 7. Nf3 c5 8. c3 Nf8 9. Qd2 Ne6 10.
Be3 b6 11. Rd1 Bb7 12. Be2 Nac7 13. O-O O-O 14. Na3 Qd7 15. Nh4 f5 16. exf6 Bxf6 17. Nf3 Qd6 18. Nc2 Bg7 19. g3 Ne8 20.
Bh6 Nf6 21. Bxg7 Nxg7 22. Ne5 Ne4 23. Qc1 Nf5 24. f3 Nf6 25. Ne3 Nd7 26. Nxf5 Rxf5 27. Nxd7 Qxd7 28. f4 Rf6 29. Qd2 Rd8 30.
Bf3 c4 31. Rde1 Kf7 32. Re5 Rd6 33. f5 Kg7 34. Bg4 Rf6 35. Qe2 Re8 36. fxg6 Rxf1+ 37. Qxf1 e6 1-0

[Event "NJSK 2018 Jeugd B"]
[Site "Assen, Netherlands"]
[Date "2018.04.30"]
[Round "2.7"]
[White "Achuthan, Dylan"]
[Black "Gevorkjan, Lewon"]
[Result "1-0"]
[TimeControl "40/90m+30m+30sec/move"]
[WhiteElo "1673"]
[BlackElo "1821"]

1. e4 d5 2. exd5 Nf6 3. Nf3 Nxd5 4. d4 Bf5 5. Bd3 Bxd3 6. Qxd3 e6 7. O-O Nc6 8. a3 Be7 9. c4 Nb6 10.
Be3 O-O 11. Nc3 Bf6 12. Rfd1 Na5 13. Nd2 c5 14. Nce4 Bxd4 15. Ng5 g6 16. Bxd4 Qxd4 17. Qh3 Qg7 18. Nde4 h6 19. Qf3 Qxb2 20.
Nf6+ Kg7 21. Nge4 Naxc4 22. Rab1 Qe5 23. Ng4 Qf5 24. Qc3+ e5 25. Ngf6 Rad8 26. Re1 Rd4 27. f3 Rfd8 28.
Ng4 Nd5 29. Qc1 h5 30. Qh6+ Kg8 31. Ng5 hxg4 32. Qh7+ Kf8 33. Rxb7 Ne7 34. Qh6+ Kg8 35. Qh7+ Kf8 36. Qh8+ Ng8 37. Nh7+ 1-0

[Event "NJSK 2018 Jeugd B"]
[Site "Assen, Netherlands"]
[Date "2018.04.30"]
[Round "2.8"]
[White "Emans, Job"]
[Black "Ypma, Jord"]
[Result "1-0"]
[TimeControl "40/90m+30m+30sec/move"]
[WhiteElo "1803"]
[BlackElo "1737"]

1. d4 d5 2. c4 c6 3. Nc3 Nf6 4. Nf3 dxc4 5. a4 Bf5 6.
e3 e6 7.
Bxc4 Bb4 8. O-O O-O 9. Bd3 Nbd7 10. Bxf5 exf5 11. Qc2 g6 12. b3 Re8 13. Bb2 a5 14. Rad1 Nb6 15. Ne2 Nbd5 16.
Ne5 Bd6 17. Qc4 Qe7 18. Nf4 Nxf4 19. exf4 Nd5 20. g3 f6 21. Nd3 Qe2 22. Rfe1 Qf3 23. Nc5 Kg7 24. Qd3 Qxd3 25. Nxd3 Kf7 26.
Kf1 Re4 27. Nc5 Bxc5 28. dxc5 Rae8 29. Rxe4 fxe4 30. Ke2 g5 31. f5 g4 32. Rd4 e3 33. Rd3 exf2+ 34. Kxf2 Re4 35. Bc1 Re5 36.
Bd2 Rxf5+ 37. Kg1 Ke6 38. Bxa5 Ke5 39. b4 Ke4 40. Rd1 Ne3 41. Rc1 Rd5 42. b5 Rd4 43. Ra1 cxb5 44. axb5 Rc4 45.
c6 b6 46. Bxb6 Nd5 47. Ba5 Kd4 48. Rb1 Kc5 49. b6 Nxb6 50. Rxb6 Kd5 51. c7 1-0

[Event "NJSK 2018 Jeugd B"]
[Site "Assen, Netherlands"]
[Date "2018.05.01"]
[Round "3.1"]
[White "Tang, Charlie"]
[Black "De Boer, Eelke"]
[Result "0-1"]
[TimeControl "40/90m+30m+30sec/move"]
[WhiteElo "2127"]
[BlackElo "2318"]

1. e4 c5 2. Nf3 d6 3. d4 cxd4 4. Nxd4 Nf6 5. Nc3 a6 6. Be3 e5 7. Nb3 Be6 8. f3 h5 9. Qd2 Nbd7 10.
O-O-O Be7 11. Kb1 b5 12. Nd5 Bxd5 13. exd5 Nb6 14. Bxb6 Qxb6 15. Qb4 O-O 16. Na5 Rfc8 17. Nc6 Nxd5 18.
Nxe7+ Nxe7 19. Rxd6 Rd8 20. Rxd8+ Rxd8 21. Bd3 Ng6 22. Qe4 Nf4 23. Qxe5 Nxd3 24. cxd3 Qg6 25. Qe2 Rxd3 26. Qc2 Rd2 27.
Qxg6 fxg6 28. Rc1 Rxg2 29. Rc2 Rg1+ 30. Rc1 Rg5 31. Rc6 a5 32. a3 h4 33. a4 bxa4 34. Rc4 a3 35. Rxh4 Rb5 36.
Rg4 axb2 37. Rxg6 a4 38. Ra6 Rb4 39. h4 Kf7 40. h5 Ke7 41. f4 Kf7 42. f5 Ke7 43. Re6+ Kf8 44. Ra6 Kf7 45.
Ra8 Kf6 46. Ra7 Kxf5 47. Rxg7 a3 48. Rg1 Rb6 49. Ka2 Rc6 50. Kb1 Kf4 51. h6 Rxh6 52. Ka2 Rc6 53. Kb1 Rc3 54. Rh1 Kg3 55. Rd1 Kf2 56. Rh1 Re3 57. Rh2+ Kg1 0-1

[Event "NJSK 2018 Jeugd B"]
[Site "Assen, Netherlands"]
[Date "2018.05.01"]
[Round "3.2"]
[White "Bruil, Rembrandt"]
[Black "Hilwerda, Jonas"]
[Result "1-0"]
[TimeControl "40/90m+30m+30sec/move"]
[WhiteElo "1998"]
[BlackElo "2108"]

1. d4 Nf6 2. c4 e6 3. Nc3 Bb4 4. Qc2 Nc6 5. Nf3 d6 6. Bd2 e5 7. d5 Bxc3 8. Bxc3 Ne7 9. e4 O-O 10.
g3 Ne8 11. Bg2 f5 12. O-O h6 13. exf5 Bxf5 14. Qe2 Bg4 15. h3 Bh5 16. Qd3 Nf6 17. Nd2 Bg6 18. Qe2 Qd7 19. Rae1 Rae8 20.
Kh2 Nf5 21. Ne4 Nd4 22. Nxf6+ Rxf6 23. Bxd4 exd4 24. Qd2 d3 25. Rxe8+ Qxe8 26. Re1 Qa4 27. b3 Qa3 28. f4 Qc5 29.
Be4 Qd4 30. Bxg6 Rxg6 31. Re3 Rf6 32.
Qxd3 Qxd3 33. Rxd3 Rf8 34. Re3 Kf7 35. Re6 Rd8 36. Kg2 Rd7 37. Kf3 Rd8 38. f5 Rd7 39. g4 Rd8 40. h4 Rd7 41.
g5 hxg5 42. hxg5 Rd8 43. g6+ Kf8 44. Kf4 Rd7 45. Kg5 Rd8 46. f6 gxf6+ 47. Kxf6 Rd7 48. Re1 a6 49. Rg1 Kg8 50. Re1 Kf8 51.
Rh1 Kg8 52. Rh7 1-0

[Event "NJSK 2018 Jeugd B"]
[Site "Assen, Netherlands"]
[Date "2018.05.01"]
[Round "3.3"]
[White "Grutter, Tim"]
[Black "Kouwenhoven, Derk"]
[Result "0-1"]
[TimeControl "40/90m+30m+30sec/move"]
[WhiteElo "1974"]
[BlackElo "2091"]

1. e4 e5 2. Nf3 Nc6 3. Bc4 Bc5 4. c3 Nf6 5. d3 d6 6. Nbd2 a6 7. Bb3 Ba7 8. O-O O-O 9. h3 Be6 10.
Re1 Ne7 11. Nf1 Ng6 12. Ng3 c6 13. Bc2 Qc7 14. d4 h6 15. Nf5 Rfe8 16. g4 d5 17. exd5 Bxd5 18. g5 hxg5 19. Bxg5 Nh7 20.
Be3 e4 21. Nh2 Bb8 22. Nf1 Qd7 23. Qh5 Be6 24. N1g3 Bxg3 25. Nxg3 Nf6 26. Qe2 Bxh3 27. Bg5 Bg4 28. Qc4 b5 29.
Qf1 Bh3 30. Qe2 Nh7 31. Qd2 Qg4 32. Qe2 Nxg5 33. Qxg4 Bxg4 34. Bxe4 Nxe4 35. Rxe4 Rxe4 36. Nxe4 Re8 37. Nc5 Re2 38.
Nxa6 Rxb2 39. Nb4 Bf3 40. a4 bxa4 41. Rxa4 Nf4 42. Kh2 Ne2 43. Ra1 Nxc3 44. Nd3 Rd2 45. Ne5 Bd5 46. Ra3 Rxf2 47.
Kg1 Rc2 48. Kf1 f6 49. Ng4 Nb5 50. Ra8+ Kf7 51. Ne3 Rc1+ 52. Kf2 Nxd4 0-1

[Event "NJSK 2018 Jeugd B"]
[Site "Assen, Netherlands"]
[Date "2018.05.01"]
[Round "3.4"]
[White "Wedda, Dries"]
[Black "Noordenbos, Daan"]
[Result "1-0"]
[TimeControl "40/90m+30m+30sec/move"]
[WhiteElo "2096"]
[BlackElo "1763"]

1. d4 Nf6 2. c4 g6 3. Nc3 Bg7 4. e4 d6 5. Nge2 O-O 6. Ng3 c5 7. d5 e6 8. Be2 exd5 9. cxd5 a6 10.
a4 Nbd7 11. O-O b6 12. Bg5 h6 13. Be3 Re8 14. f3 Kh7 15. Qd2 Ne5 16. h3 g5 17. f4 gxf4 18. Rxf4 Ra7 19. Raf1 Qe7 20.
Bd3 Ng6 21. R4f2 Ng8 22. Nf5 Bxf5 23. exf5 Qxe3 24. fxg6 fxg6 25. Bxg6 Kh8 26. Bxe8 Qxe8 27. Kh1 Re7 28. Ne2 Nf6 29. Ng3 Ne4 30. Nxe4 Rxe4 31. Rf7 Qe5 32.
Qf2 Rxa4 33. Rb7 b5 34. Qf8 Bxf8 35. Rxf8 1-0

[Event "NJSK 2018 Jeugd B"]
[Site "Assen, Netherlands"]
[Date "2018.05.01"]
[Round "3.5"]
[White "Emans, Job"]
[Black "Van Randtwijk, Mick"]
[Result "0-1"]
[TimeControl "40/90m+30m+30sec/move"]
[WhiteElo "1803"]
[BlackElo "1992"]

1. d4 Nf6 2. c4 e6 3. Nc3 Bb4 4. a3 Bxc3+ 5. bxc3 O-O 6. f3 d5 7. Bg5 h6 8. Bh4 c5 9. e3 Nc6 10.
Bd3 dxc4 11. Bxc4 Qa5 12. Ne2 Nd5 13. Qd2 cxd4 14. cxd4 Nxe3 0-1

[Event "NJSK 2018 Jeugd B"]
[Site "Assen, Netherlands"]
[Date "2018.05.01"]
[Round "3.6"]
[White "Achuthan, Dylan"]
[Black "Honkoop, Gilian"]
[Result "1-0"]
[TimeControl "40/90m+30m+30sec/move"]
[WhiteElo "1673"]
[BlackElo "1889"]

1. e4 e5 2. Nf3 Nc6 3. Bc4 Bc5 4. Nc3 d6 5. h3 Nf6 6. d3 Be6 7. Bb3 O-O 8. Bg5 h6 9. Bh4 g5 10.
Bg3 a6 11. Qd2 Bb4 12. O-O-O Nd4 13. Rde1 c5 14. h4 Nxf3 15. gxf3 Nh7 16. Reg1 Bxb3 17. cxb3 Bxc3 18. bxc3 Kh8 19.
hxg5 hxg5 20. f4 gxf4 21. Bxf4 f6 22. Rxh7 Kxh7 23. f3 1-0

[Event "NJSK 2018 Jeugd B"]
[Site "Assen, Netherlands"]
[Date "2018.05.01"]
[Round "3.7"]
[White "Bruggink, Tycho"]
[Black "Gevorkjan, Lewon"]
[Result "1/2-1/2"]
[TimeControl "40/90m+30m+30sec/move"]
[WhiteElo "1899"]
[BlackElo "1821"]

1. e4 d5 2. exd5 Nf6 3. d4 Bg4 4.
Nf3 Qxd5 5. Be2 Nc6 6. c3 O-O-O 7. O-O e6 8. h3 Bh5 9. Bf4 Bd6 10. Bxd6 Qxd6 11. Ne5 Nxe5 12. Bxh5 Nxh5 13.
Qxh5 Ng6 14. Nd2 Qc6 15. Qf3 Qxf3 16. Nxf3 f6 17. Rfe1 Rhe8 18. Re2 Rd6 19. g3 Kd7 20. Nd2 e5 21.
Nb3 b6 22. Rae1 Re7 23. Kg2 a6 24. dxe5 Rxe5 25. f4 Rxe2+ 26. Rxe2 c5 27. Rd2 Ne7 28. Kf3 Nf5 29. Rxd6+ Nxd6 30.
Nd2 f5 31. g4 Ke6 32. c4 g6 33. b3 Kf6 1/2-1/2

[Event "NJSK 2018 Jeugd B"]
[Site "Assen, Netherlands"]
[Date "2018.05.01"]
[Round "3.8"]
[White "Cchung, Chi Yun"]
[Black "Ypma, Jord"]
[Result "1-0"]
[TimeControl "40/90m+30m+30sec/move"]
[WhiteElo "1783"]
[BlackElo "1737"]

1. e4 c5 2. Nf3 g6 3. d4 cxd4 4. Nxd4 Nc6 5. c4 Bg7 6. Be3 Nf6 7. Nc3 Ng4 8. Qxg4 Nxd4 9. Qd1 Ne6 10.
Rc1 d6 11. Bd3 b6 12. O-O Bb7 13. f4 O-O 14. f5 Nc5 15. Bb1 Nd7 16. b3 Ne5 17. Qe1 Rc8 18. Qh4 Qd7 19. Nd5 Bxd5 20.
exd5 e6 21. f6 Bh8 22. Bh6 Rfe8 23. Rc3 exd5 24. Rg3 dxc4 25. Bf5 Qc7 26. Rh3 Nd3 27. b4 Re2 28. Bg7 h5 29. Bxh8 Qc6 30.
Qg5 Ne1 31. Rg3 h4 32. Bxg6 Kf8 33. Bf5 1-0

[Event "NJSK 2018 Jeugd B"]
[Site "Assen, Netherlands"]
[Date "2018.05.02"]
[Round "4.1"]
[White "De Boer, Eelke"]
[Black "Bruil, Rembrandt"]
[Result "1-0"]
[TimeControl "40/90m+30m+30sec/move"]
[WhiteElo "2318"]
[BlackElo "1998"]

1. e4 c5 2. Nf3 d6 3. d4 cxd4 4.
Nxd4 Nf6 5. Nc3 a6 6. Bg5 Nbd7 7. Qe2 h6 8. Bh4 g6 9. f4 e5 10. fxe5 dxe5 11. O-O-O Qc7 12. Nb3 b5 13.
Qf3 Bg7 14. g4 Bb7 15. a3 Rc8 16. Bd3 O-O 17. Kb1 Qb6 18. Be1 Qe6 19. h3 Rfd8 20. Ne2 Nb6 21. Ng3 Nc4 22. Bb4 Qb6 23.
Rhf1 Rd7 24. Bxc4 Rxd1+ 25. Rxd1 Rxc4 26. Na5 Rd4 27. Rxd4 exd4 28. Nxb7 Qxb7 29. Qd3 Nd7 30. Ne2 Qb6 31.
Qd2 Qf6 32. Qf4 Qe6 33. c3 d3 34. Nc1 Ne5 35. Bc5 Qc4 36. Bd4 d2 37. Qxd2 Nf3 38. Qd3 Nxd4 39. Qxc4 bxc4 40. cxd4 Bxd4 41.
Ne2 Be5 42. Kc2 Kg7 43. Ng1 Kf6 44. Nf3 Ke6 45. Nd2 f5 46. exf5+ gxf5 47. Nxc4 Bf4 48. Kd3 fxg4 49. hxg4 Kf6 50.
Ke4 Kg5 51. Kf3 Bc7 52. b4 Bd8 53. Nd6 Be7 54. Ne4+ Kh4 55. Kf4 Bf8 56. Kf5 Be7 57. Ke6 Bd8 58. Kf5 Bb6 59. a4 Be3 60.
Nf6 Bd2 61. b5 axb5 62. axb5 Be3 63. Nd5 Ba7 64. b6 Bb8 65. b7 1-0

[Event "NJSK 2018 Jeugd B"]
[Site "Assen, Netherlands"]
[Date "2018.05.02"]
[Round "4.2"]
[White "Van Randtwijk, Mick"]
[Black "Tang, Charlie"]
[Result "0-1"]
[TimeControl "40/90m+30m+30sec/move"]
[WhiteElo "1992"]
[BlackElo "2127"]

1. e4 c5 2. Nf3 d6 3. d4 cxd4 4. Nxd4 Nf6 5. Nc3 g6 6. Be3 Bg7 7. f3 O-O 8. Qd2 Nc6 9. O-O-O d5 10.
Qe1 e5 11. Nxc6 bxc6 12. exd5 Nxd5 13. Bc4 Be6 14. Kb1 Rb8 15. Ne4 Qc7 16. Bc5 Rfd8 17. g4 h6 18. Bb3 f5 19. gxf5 gxf5 20.
Ng3 Qf7 21. Rg1 Kh7 22. Qf1 Rd7 23. c4 Nf4 24. Bd6 Rbd8 25. c5 Rb7 26. Bxe6 Qxe6 27. Qa6 Rdd7 28. Rd2 Qf6 29. Qa3 Qf7 30.
Kc1 Rb5 31. b3 Qf6 32. Qb2 Qe6 33. Qc2 Rf7 34. Re1 Rbb7 35. Rdd1 Rbd7 36. Qd2 Nd5 37. Nh5 Bh8 38. Rg1 Rd8 39.
Rde1 f4 40. Qc2 Qf5 41. Re4 Rg8 42. Rge1 Ne3 43. Qd3 Rg6 44. Ng3 fxg3 45. Qxe3 g2 46. f4 g1=Q 47. Rxg1 Rxg1+ 0-1